AoeStats
← xXlinkdu34Xx

Arena

508021991Analyzed
3v3 RM · 10d ago on Sep 20, 2026· 42m 32s· 6 players
Game mode
Random Map
Map size
Normal (6 player)
Population
200
Speed
Normal
Resources
Standard
Victory
Conquest
Starting age
Dark Age
Ending age
Imperial Age
RankedLock teamsTeams togetherTeam positionsShared explorationLock speedFull tech treeHidden civsTurbo modeCheats
Victory
Defeat
🇹🇼 Italians · Taiwan
1155
+14
🇹🇼 Hindustanis · Taiwan
1109
+16
🇹🇼 Turks · Taiwan
1101
+15
🇷🇺 Turks · Russia
1112
-16
🇫🇷 Maya · France
1104
-15
🇪🇨 Romans · Ecuador
1086
-14
xXlinkdu34Xx
0:45 Loom
12:30 Feudal Age
12:57 Double-Bit Axe
12:54 Horse Collar
14:17 Gold Mining
15:15 Wheelbarrow
20:30 Castle Age
18:49 Fletching
18:59 Padded Archer Armor
19:07 Stone Mining
20:12 Arson
21:04 Scale Mail Armor
21:44 Forging
22:33 Bow Saw
22:16 Elite Skirmisher
24:47 Hand Cart
24:43 Bodkin Arrow
25:16 Heavy Plow
25:41 Crossbowman
27:24 Thumb Ring
26:52 Eagle Warrior
27:38 Squires
28:51 Ballistics
29:38 Leather Archer Armor
30:32 Pikeman
31:24 Masonry
30:54 Treadmill Crane
31:20 Man-at-Arms
32:04 Murder Holes
32:36 Town Watch
37:12 Imperial Age
37:57 Iron Casting
37:45 Hul'che Javelineers
39:10 Conscription
38:54 Bracer
39:46 Stone Shaft Mining
39:21 Caravan
40:10 Arbalester
42:36 Blast Furnace
M0nero
0:27 Loom
12:11 Feudal Age
13:17 Double-Bit Axe
17:12 Castle Age
16:35 Gold Mining
16:27 Horse Collar
18:41 Fletching
26:03 Imperial Age
25:25 Wheelbarrow
24:36 Town Watch
25:20 Stone Mining
27:10 Conscription
28:17 Bodkin Arrow
28:25 Padded Archer Armor
32:37 Ballistics
32:14 Bodkin Arrow
33:23 Leather Archer Armor
35:49 Artillery
41:49 Town Patrol
42:37 Ring Archer Armor
42:08 Bracer
42:56 Bombard Tower
Lordcreos
12:13 Feudal Age
13:42 Wheelbarrow
14:06 Double-Bit Axe
16:24 Castle Age
14:07 Horse Collar
18:00 Fervor
18:08 Hand Cart
20:02 Loom
25:15 Stone Mining
27:00 Redemption
36:22 Imperial Age
38:36 Heavy Plow
38:10 Elite Skirmisher
40:40 Chemistry
39:35 Fletching
39:45 Padded Archer Armor
40:31 Crop Rotation
41:45 Bodkin Arrow
42:05 Leather Archer Armor
xnbhdx
10:56 Feudal Age
11:48 Double-Bit Axe
15:10 Castle Age
13:10 Horse Collar
16:28 Bow Saw
18:03 Gold Mining
21:42 Wheelbarrow
24:00 Heavy Plow
26:57 Gold Shaft Mining
29:26 Imperial Age
27:12 Hand Cart
26:43 Town Watch
28:43 Scale Barding Armor
28:48 Forging
28:37 Stone Mining
29:27 Grand Trunk Road
29:47 Bloodlines
29:38 Husbandry
31:01 Chain Barding Armor
30:57 Heavy Camel Rider
32:08 Conscription
32:06 Light Cavalry
33:03 Hussar
34:47 Plate Barding Armor
34:47 Iron Casting
35:11 Onager
36:25 Imperial Camel Rider
38:41 Blast Furnace
37:53 Scale Mail Armor
41:30 Chemistry
40:51 Ballistics
TURTLE KING
10:54 Feudal Age
15:16 Castle Age
20:18 Imperial Age
18:07 Double-Bit Axe
21:44 Loom
22:04 Fletching
22:14 Padded Archer Armor
25:41 Horse Collar
34:02 Bow Saw
34:27 Ballistics
34:24 Bodkin Arrow
35:26 Bracer
39:05 Thumb Ring
aaron.su210
13:39 Feudal Age
14:49 Gold Mining
17:24 Castle Age
15:30 Double-Bit Axe
23:39 Imperial Age
21:57 Fletching
27:12 Chemistry
35:13 Ballistics
37:13 Bodkin Arrow
42:50 Padded Archer Armor
Connection lost

Rejoining the realm…

Still unreachable

The connection could not be restored.

Session expired

The server has moved on; the page needs a fresh start.